[Event "*** SCC Grand Prix: Titled Tuesday Blitz"]
[Site "Chess.com"]
[Date "2020.07.21"]
[Round "4"]
[White "Caterpiller35"]
[Black "ZverevLev"]
[Result "0-1"]
[WhiteElo "2445"]
[BlackElo "2326"]
[TimeControl "180+1"]
[EndTime "10:34:06 PDT"]
[Termination "ZverevLev won by resignation"]

1. d4 Nf6 2. Bg5 Ne4 3. Bf4 c5 4. f3 Nf6 5. dxc5 e5 6. Bxe5 Bxc5 7. Bd4 Qb6 8. Bxc5 Qxc5 9. Nc3 d5 10. e4 dxe4 11.
Bb5+ Bd7 12. Bxd7+ Nbxd7 13. Qe2 O-O 14. O-O-O b5 15.
Nxe4 Nxe4 16. Qxe4 Nf6 17. Ne2 Nxe4 0-1

[Event "*** SCC Grand Prix: Titled Tuesday Blitz"]
[Site "Chess.com"]
[Date "2020.07.21"]
[Round "4"]
[White "theblitzchamp"]
[Black "RitvarsReimanis"]
[Result "1-0"]
[WhiteElo "2666"]
[BlackElo "2476"]
[TimeControl "180+1"]
[EndTime "10:34:11 PDT"]
[Termination "theblitzchamp won by resignation"]

1. d4 Nf6 2. Bf4 e6 3. e3 d5 4.
Nf3 Bd6 5. Nbd2 c5 6. c3 Qc7 7.
Bxd6 Qxd6 8. Bd3 Nc6 9. O-O e5 10. dxc5 Qxc5 11. e4 dxe4 12. Nxe4 Nxe4 13. Bxe4 O-O 14.
Re1 f6 15. Qd3 g6 16. Bxg6 hxg6 17. Qxg6+ Kh8 18. Qh6+ Kg8 19. Qg6+ Kh8 20. Re4 1-0

[Event "*** SCC Grand Prix: Titled Tuesday Blitz"]
[Site "Chess.com"]
[Date "2020.07.21"]
[Round "4"]
[White "Omk124"]
[Black "FMalexhdez"]
[Result "1-0"]
[WhiteElo "2348"]
[BlackElo "2133"]
[TimeControl "180+1"]
[EndTime "10:34:17 PDT"]
[Termination "Omk124 won by resignation"]

1. Nf3 d5 2. g3 c5 3. Bg2 Nc6 4.
O-O Nf6 5. d3 g6 6. Nbd2 Bg7 7. e4 O-O 8. Re1 Bg4 9. h3 Bxf3 10. Qxf3 Nd4 11. Qd1 dxe4 12. Nxe4 e6 13. c3 Nf5 14. Nxc5 b6 15. Bxa8 Qxa8 16. Ne4 Nd5 17. Qf3 h5 18. Bg5 f6 19. Bd2 Kf7 20. Rad1 Rh8 21. c4 Nde7 22. Bc3 h4 23. g4 1-0

[Event "*** SCC Grand Prix: Titled Tuesday Blitz"]
[Site "Chess.com"]
[Date "2020.07.21"]
[Round "4"]
[White "bgfbfbgfbgfgf"]
[Black "Stormeman100100"]
[Result "1-0"]
[WhiteElo "2635"]
[BlackElo "2461"]
[TimeControl "180+1"]
[EndTime "10:34:18 PDT"]
[Termination "bgfbfbgfbgfgf won by resignation"]

1. e4 c5 2. Nf3 d6 3. d4 cxd4 4. Nxd4 Nf6 5. Nc3 Nc6 6. Bg5 e6 7. f4 a6 8. Nxc6 bxc6 9. e5 dxe5 10.
Qxd8+ Kxd8 11. fxe5 h6 12. Bxf6+ gxf6 13. exf6 Kc7 14.
O-O-O h5 15. Ne4 Bh6+ 16. Kb1 e5 17. Bc4 Bf5 18. Nd6 Bg6 19. Bxf7 Bxf7 20. Nxf7 Rh7 21. Nxe5 Rf8 22. Rhf1 Bg5 23. f7 Rhh8 24. Ng6 1-0

[Event "*** SCC Grand Prix: Titled Tuesday Blitz"]
[Site "Chess.com"]
[Date "2020.07.21"]
[Round "4"]
[White "Semen_Khanin"]
[Black "Riptide27"]
[Result "1-0"]
[WhiteElo "2730"]
[BlackElo "2511"]
[TimeControl "180+1"]
[EndTime "10:34:20 PDT"]
[Termination "Semen_Khanin won by resignation"]

1. e4 c5 2. Nf3 e6 3. d4 cxd4 4. Nxd4 a6 5. c4 Nf6 6. Nc3 Bb4 7. Qd3 d6 8. Be2 Nbd7 9. Nc2 Nc5 10. Qe3 Bxc3+ 11.
Qxc3 Ncxe4 12. Qd4 O-O 13. f3 Nc5 14. b4 Na4 15.
Bg5 h6 16. Bh4 e5 17. Qd2 Be6 18. Ne3 Ne4 19. Bxd8 Nxd2 20. Be7 Rfe8 21. Bxd6 Rad8 22. c5 1-0

[Event "*** SCC Grand Prix: Titled Tuesday Blitz"]
[Site "Chess.com"]
[Date "2020.07.21"]
[Round "4"]
[White "lucliasco"]
[Black "Tactictic"]
[Result "0-1"]
[WhiteElo "2721"]
[BlackElo "2373"]
[TimeControl "180+1"]
[EndTime "10:34:31 PDT"]
[Termination "Tactictic won by resignation"]

1. d4 Nf6 2. Nf3 d5 3. c4 e6 4. cxd5 exd5 5. Nc3 Be7 6. g3 c6 7. Bg2 O-O 8. O-O Bf5 9. Nh4 Be6 10. Qc2 Nbd7 11.
Nf5 Bxf5 12. Qxf5 Re8 13. Re1 Nf8 14. a3 Qc8 15. Qc2 Bd6 16. b4 Qg4 17. e3 Ne6 18. h3 Nxd4 19. Qd1 Qxd1 20. Rxd1 Nb3 21. Rb1 Nxc1 22.
Rbxc1 Rad8 0-1

[Event "*** SCC Grand Prix: Titled Tuesday Blitz"]
[Site "Chess.com"]
[Date "2020.07.21"]
[Round "4"]
[White "Julianos82"]
[Black "Gerodot71"]
[Result "1-0"]
[WhiteElo "2271"]
[BlackElo "2413"]
[TimeControl "180+1"]
[EndTime "10:34:33 PDT"]
[Termination "Julianos82 won by resignation"]

1. d4 Nf6 2. Nf3 d5 3. Bg5 Ne4 4. Bh4 c5 5. e3 Nc6 6. Nbd2 Bg4 7. Be2 Qb6 8. Rb1 Rd8 9. c3 g6 10. Nxe4 dxe4 11. Nd2 Bxe2 12. Qxe2 f5 13. Nc4 Qb5 14.
Nd6+ 1-0

[Event "*** SCC Grand Prix: Titled Tuesday Blitz"]
[Site "Chess.com"]
[Date "2020.07.21"]
[Round "4"]
[White "TudorAnton"]
[Black "Dedic8"]
[Result "0-1"]
[WhiteElo "2517"]
[BlackElo "2764"]
[TimeControl "180+1"]
[EndTime "10:34:46 PDT"]
[Termination "Dedic8 won by resignation"]

1. d4 Nf6 2. c4 g6 3. Nf3 Bg7 4. g3 O-O 5. Bg2 c6 6. O-O d5 7. b3 a5 8. Bb2 a4 9. Nbd2 Qa5 10.
e3 a3 11. Bc1 Qc3 12. Rb1 Bf5 13. e4 Nxe4 14. Nxe4 Bxe4 15. Bd2 Qc2 16. Qxc2 Bxc2 17.
Rbc1 Be4 18. Bb4 Re8 19. Rfe1 e6 20. cxd5 Bxd5 21. Ne5 Bxg2 22. Kxg2 Na6 23. Bxa3 Nc7 24. Nc4 Nb5 25. Bb4 Rxa2 26. Ra1 Rea8 27. Rad1 Rd8 28. Be7 Rxd4 29. Rxd4 Bxd4 0-1

[Event "*** SCC Grand Prix: Titled Tuesday Blitz"]
[Site "Chess.com"]
[Date "2020.07.21"]
[Round "4"]
[White "JesseKraai"]
[Black "Bulldog167"]
[Result "0-1"]
[WhiteElo "2515"]
[BlackElo "2743"]
[TimeControl "180+1"]
[EndTime "10:34:54 PDT"]
[Termination "Bulldog167 won by resignation"]

1. Nf3 Nf6 2. c4 b6 3. g3 Bb7 4.
Bg2 c5 5. O-O g6 6. Nc3 Bg7 7.
d4 cxd4 8. Qxd4 d6 9. Rd1 Nbd7 10. Be3 Rc8 11. Rac1 a6 12. b3 O-O 13. Qh4 Re8 14. Bh3 Ba8 15. g4 b5 16. g5 Nh5 17. Nd5 bxc4 18.
bxc4 e6 19. Nb4 Qa5 20. Rxd6 Bb7 21. Rxd7 Bxf3 22. exf3 Qxb4 23. Bf1 Qa4 24. Qe4 Qxd7 0-1

[Event "*** SCC Grand Prix: Titled Tuesday Blitz"]
[Site "Chess.com"]
[Date "2020.07.21"]
[Round "4"]
[White "Chuchofrio1"]
[Black "Thipsay"]
[Result "0-1"]
[WhiteElo "2296"]
[BlackElo "2458"]
[TimeControl "180+1"]
[EndTime "10:34:59 PDT"]
[Termination "Thipsay won by resignation"]

1. d4 Nf6 2. c4 g6 3. Nc3 Bg7 4.
e4 d6 5. f4 O-O 6. Nf3 Bg4 7.
Be2 Nfd7 8. O-O Nc6 9. Be3 e5 10.
dxe5 dxe5 11. h3 Bxf3 12. Bxf3 Nd4 13. fxe5 Nxe5 14. Bxd4 Nxf3+ 15. Qxf3 Qxd4+ 16. Kh1 c6 17. Rac1 Rae8 18. b3 Qe5 19. Rfe1 Qg5 20. Rcd1 Rd8 21. Nb1 Be5 22. Nd2 Rxd2 23. h4 Qxh4+ 0-1

[Event "*** SCC Grand Prix: Titled Tuesday Blitz"]
[Site "Chess.com"]
[Date "2020.07.21"]
[Round "4"]
[White "goofypenguin96"]
[Black "czasnaszachy"]
[Result "1-0"]
[WhiteElo "2372"]
[BlackElo "2242"]
[TimeControl "180+1"]
[EndTime "10:35:00 PDT"]
[Termination "goofypenguin96 won by resignation"]

1. e4 c5 2. Nf3 e6 3. c3 d5 4. exd5 exd5 5. d4 Nf6 6. Bg5 cxd4 7. Nxd4 Be7 8. Bb5+ Bd7 9. Bxd7+ Nbxd7 10. Nd2 O-O 11. O-O h6 12. Bh4 Ne4 13. Bxe7 Qxe7 14. Re1 Qf6 15.
Nxe4 dxe4 16. Rxe4 Rfe8 17. Rxe8+ Rxe8 18. Qa4 Qe7 19. h3 a6 20. Rd1 Nc5 21. Qc2 Qf6 22. b4 Ne6 23. Nxe6 Qxe6 24. c4 Rc8 25. c5 b6 26.
c6 Qxc6 27. Rd8+ 1-0

[Event "*** SCC Grand Prix: Titled Tuesday Blitz"]
[Site "Chess.com"]
[Date "2020.07.21"]
[Round "4"]
[White "Funo09"]
[Black "grunbergmihai"]
[Result "1-0"]
[WhiteElo "2767"]
[BlackElo "2431"]
[TimeControl "180+1"]
[EndTime "10:35:04 PDT"]
[Termination "Funo09 won by resignation"]

1. e4 Nf6 2. Nc3 d5 3. e5 Nfd7 4. d4 c5 5. e6 fxe6 6. Nf3 Nc6 7. Bb5 g6 8. O-O Bg7 9. Be3 Nxd4 10. Nxd4 cxd4 11.
Bxd4 e5 12. Bc5 e6 13. Nxd5 exd5 14. Qxd5 Qf6 15. Rad1 Qf5 16. Rfe1 a6 17. Qd6 Bf8 18. Rxe5+ 1-0

[Event "*** SCC Grand Prix: Titled Tuesday Blitz"]
[Site "Chess.com"]
[Date "2020.07.21"]
[Round "4"]
[White "Chessmatus"]
[Black "Kildepiotr"]
[Result "0-1"]
[WhiteElo "2428"]
[BlackElo "2613"]
[TimeControl "180+1"]
[EndTime "10:35:04 PDT"]
[Termination "Kildepiotr won by resignation"]

1. e4 g6 2. d4 Bg7 3. Nc3 c6 4. Nf3 d6 5. h3 Nf6 6. Bd3 O-O 7. O-O Nbd7 8. e5 Ne8 9. Re1 dxe5 10. dxe5 Nc5 11. Bf4 Nc7 12. Bg3 Nxd3 13. cxd3 Bf5 14. Ne4 Qd5 15. a4 Rad8 16. Ra3 Bxe4 0-1

[Event "*** SCC Grand Prix: Titled Tuesday Blitz"]
[Site "Chess.com"]
[Date "2020.07.21"]
[Round "4"]
[White "mikheeva86"]
[Black "chessbia"]
[Result "0-1"]
[WhiteElo "1903"]
[BlackElo "2181"]
[TimeControl "180+1"]
[EndTime "10:35:04 PDT"]
[Termination "chessbia won by resignation"]

1. e4 c5 2. Nc3 g6 3. g3 Bg7 4.
Bg2 Nc6 5. d3 e5 6. Be3 Nge7 7.
Bxc5 d6 8. Be3 O-O 9. Nge2 a6 10. O-O b5 11. a3 Rb8 12. f4 exf4 13. Nxf4 a5 14.
Nfd5 b4 15. Nxe7+ Nxe7 16. axb4 axb4 17. Na4 d5 18. d4 dxe4 19. Bxe4 Nf5 20. Bxf5 Bxf5 21.
Nc5 Re8 22. Bf2 Bh3 23. Re1 Qd5 0-1

[Event "*** SCC Grand Prix: Titled Tuesday Blitz"]
[Site "Chess.com"]
[Date "2020.07.21"]
[Round "4"]
[White "Phriex"]
[Black "gagtemp"]
[Result "1-0"]
[WhiteElo "2374"]
[BlackElo "1974"]
[TimeControl "180+1"]
[EndTime "10:35:36 PDT"]
[Termination "Phriex won by resignation"]

1. d4 d5 2. c4 e6 3. Nf3 c5 4. cxd5 exd5 5. g3 Nc6 6. Bg2 Nf6 7. O-O Be7 8. Nc3 O-O 9. Bg5 cxd4 10. Nxd4 h6 11. Bxf6 Bxf6 12. Nxc6 bxc6 13. Rc1 Bg4 14. Na4 Rc8 15. b3 Be7 16. Qd3 Qd7 17. Nc5 Bxc5 18.
Rxc5 Bh3 19. Bxh3 Qxh3 20. Rfc1 Qe6 21. e3 Rc7 22. Rxd5 cxd5 23. Rxc7 a5 24. Rc5 Rd8 25.
Rxa5 h5 26. Qd4 g6 27. h4 Qf5 28. Ra7 g5 29. hxg5 Qxg5 30. Qh4 Qg6 31. Qxd8+ 1-0

[Event "*** SCC Grand Prix: Titled Tuesday Blitz"]
[Site "Chess.com"]
[Date "2020.07.21"]
[Round "4"]
[White "BogdanDeac"]
[Black "ChristianAlm"]
[Result "1-0"]
[WhiteElo "2791"]
[BlackElo "2521"]
[TimeControl "180+1"]
[EndTime "10:35:37 PDT"]
[Termination "BogdanDeac won by resignation"]

1. Nf3 Nf6 2. c4 c5 3. Nc3 Nc6 4. e3 g6 5. d4 cxd4 6. exd4 d5 7. cxd5 Nxd5 8. Qb3 Be6 9. Qxb7 Ndb4 10. Bb5 Nc2+ 11. Kd1 Nxd4 12. Nxd4 Qxd4+ 13. Ke1 Rd8 14. Be3 Qg4 15.
Bxc6+ Bd7 16. Rd1 Bg7 17. Rxd7 1-0

[Event "*** SCC Grand Prix: Titled Tuesday Blitz"]
[Site "Chess.com"]
[Date "2020.07.21"]
[Round "4"]
[White "KaspMagAlpha"]
[Black "a3aki"]
[Result "1-0"]
[WhiteElo "2222"]
[BlackElo "2021"]
[TimeControl "180+1"]
[EndTime "10:35:44 PDT"]
[Termination "KaspMagAlpha won by checkmate"]

1. d4 Nf6 2. c4 g6 3. g3 Bg7 4. Bg2 d6 5. Nf3 O-O 6. O-O Nc6 7. Nc3 a6 8. Qd3 Na5 9. d5 c5 10. e4 Nd7 11. Rb1 Ne5 12. Nxe5 Bxe5 13. a3 b6 14. b4 Nb7 15. Bh6 Bg7 16. Bxg7 Kxg7 17. f4 a5 18. b5 e6 19. dxe6 Bxe6 20. f5 Bd7 21. f6+ Kg8 22.
Qd2 Kh8 23. Qh6 Rg8 24. Rf4 Qf8 25. Rh4 Qxh6 26. Rxh6 Nd8 27. e5 Rb8 28. exd6 Be6 29.
Nd5 Bxd5 30. Bxd5 Ne6 31. Bxe6 fxe6 32. Re1 Rge8 33. f7 Rf8 34. Rxe6 Rxf7 35. Rexg6 Rbf8 36. Re6 Rd7 37. Re7 Rxe7 38. dxe7 Re8 39. Rxb6 Rxe7 40. Rc6 Re3 41. Rxc5 Rxa3 42. b6 Rb3 43. Rb5 Rc3 44.
b7 Rxc4 45. b8=Q+ Kg7 46. Qd6 Rc1+ 47. Kg2 Rc2+ 48. Kh3 a4 49. Rb7+ Kh8 50. Qf8# 1-0

[Event "*** SCC Grand Prix: Titled Tuesday Blitz"]
[Site "Chess.com"]
[Date "2020.07.21"]
[Round "4"]
[White "GustavoJuarezF"]
[Black "kidagent"]
[Result "1-0"]
[WhiteElo "2019"]
[BlackElo "2203"]
[TimeControl "180+1"]
[EndTime "10:35:48 PDT"]
[Termination "GustavoJuarezF won by resignation"]

1. e4 c5 2. Nf3 d6 3. d4 cxd4 4. Nxd4 Nf6 5. f3 a6 6. c4 e5 7.
Nc2 Nc6 8. Be3 Be7 9. Nc3 Be6 10. Be2 O-O 11. O-O Rc8 12. Qd2 Nd7 13. Rfd1 f5 14. exf5 Bxf5 15. Ne4 Bxe4 16. fxe4 Nf6 17. h3 Qd7 18. Bf3 Nd8 19. b3 Ne6 20. Nb4 Kh8 21. Nd5 Nxd5 22. Qxd5 Nf4 23. Bxf4 exf4 24. e5 Rcd8 25.
c5 Qf5 26. cxd6 Bh4 27. e6 Qxd5 28. Rxd5 Rfe8 29. e7 Rd7 30. Rad1 1-0

[Event "*** SCC Grand Prix: Titled Tuesday Blitz"]
[Site "Chess.com"]
[Date "2020.07.21"]
[Round "4"]
[White "TotsukaBlade"]
[Black "Vesper2018"]
[Result "0-1"]
[WhiteElo "2358"]
[BlackElo "2603"]
[TimeControl "180+1"]
[EndTime "10:35:54 PDT"]
[Termination "Vesper2018 won by checkmate"]

1. e4 c5 2. Nf3 d6 3. Bb5+ Bd7 4. c4 Nf6 5. Nc3 g6 6. O-O Bg7 7. d4 cxd4 8. Nxd4 O-O 9. Be3 Nc6 10. f3 e6 11. Qd2 Qe7 12. Rad1 Rfd8 13. Nxc6 bxc6 14.
Ba4 Be8 15. Ne2 d5 16. Qc2 dxe4 17. fxe4 Ng4 18. Bf2 Nxf2 19. Rxf2 Rxd1+ 20. Qxd1 Bxb2 21. Nf4 Rd8 22. Rd2 Qc5+ 23. Kh1 Rxd2 24. Qxd2 Qxc4 25. Qxb2 Qf1# 0-1

[Event "*** SCC Grand Prix: Titled Tuesday Blitz"]
[Site "Chess.com"]
[Date "2020.07.21"]
[Round "4"]
[White "keshka01"]
[Black "kirillshevchenko"]
[Result "0-1"]
[WhiteElo "2562"]
[BlackElo "2914"]
[TimeControl "180+1"]
[EndTime "10:35:56 PDT"]
[Termination "kirillshevchenko won by resignation"]

1. e4 e5 2. Nf3 d6 3. d4 exd4 4. Nxd4 Nf6 5. Nc3 g6 6. Bc4 Bg7 7. O-O O-O 8. Bb3 Re8 9. Bg5 h6 10. Bxf6 Bxf6 11. Qd3 Bg7 12. f4 Nc6 13. Nxc6 bxc6 14.
f5 gxf5 15. exf5 d5 16. Rad1 Qf6 17. Kh1 a5 18. Na4 Ba6 19. Qg3 Bxf1 20. Rxf1 Kh8 21.
Qxc7 Qxf5 0-1

[Event "*** SCC Grand Prix: Titled Tuesday Blitz"]
[Site "Chess.com"]
[Date "2020.07.21"]
[Round "4"]
[White "CaspiIsrael"]
[Black "Beca95"]
[Result "0-1"]
[WhiteElo "2630"]
[BlackElo "2834"]
[TimeControl "180+1"]
[EndTime "10:35:57 PDT"]
[Termination "Beca95 won by resignation"]

1. e4 d6 2. d4 Nf6 3. Nc3 Nbd7 4. Nf3 e5 5. Bc4 Be7 6. a4 h6 7. Qe2 c6 8. Be3 Qc7 9. a5 Nf8 10. h3 g5 11. Nd2 Ng6 12. g3 Be6 13. Bxe6 fxe6 14. Qc4 d5 15. Qa4 exd4 16. Bxd4 e5 17. Bxa7 Rxa7 18. exd5 O-O 19. dxc6 Qxc6 20. Qxc6 bxc6 21.
Nc4 Bb4 22. Ke2 Bxc3 23. bxc3 Nd5 24. Ra3 e4 25. Rb1 Raf7 26. Kd2 Rxf2+ 27. Kc1 Rf1+ 28.
Kb2 Rxb1+ 29. Kxb1 e3 30. Kb2 e2 31. Ra1 Rf1 0-1

[Event "*** SCC Grand Prix: Titled Tuesday Blitz"]
[Site "Chess.com"]
[Date "2020.07.21"]
[Round "4"]
[White "VladaSviridova"]
[Black "doctorcristian"]
[Result "0-1"]
[WhiteElo "2132"]
[BlackElo "2403"]
[TimeControl "180+1"]
[EndTime "10:36:03 PDT"]
[Termination "doctorcristian won on time"]

1. d4 g6 2. c4 Bg7 3. Nf3 c5 4. d5 d6 5. Nc3 Bxc3+ 6. bxc3 Qa5 7. Qd3 f5 8. h4 Nf6 9. Nd2 Nbd7 10.
Nb3 Qa4 11. Bf4 Ng4 12. h5 Nde5 13. Bxe5 Nxe5 14. Qg3 Rg8 15. e3 Bd7 16. Be2 O-O-O 17.
h6 g5 18. f3 Nxc4 19. Rh5 Nxe3 20. Kd2 f4 21. Qf2 Qa3 22. Ke1 Qb2 0-1

[Event "*** SCC Grand Prix: Titled Tuesday Blitz"]
[Site "Chess.com"]
[Date "2020.07.21"]
[Round "4"]
[White "Konavets"]
[Black "AldokhinIvan"]
[Result "1/2-1/2"]
[WhiteElo "3042"]
[BlackElo "2576"]
[TimeControl "180+1"]
[EndTime "10:36:05 PDT"]
[Termination "Game drawn by repetition"]

1. d4 Nf6 2. c4 g6 3. Nc3 Bg7 4. e4 d6 5. h3 O-O 6. Be3 Nc6 7.
Nf3 Re8 8. Be2 e5 9. d5 Nd4 10. O-O Nxe2+ 11. Qxe2 Nh5 12. Nd2 Nf4 13. Qf3 Nd3 14.
Rab1 f5 15. Qe2 Nf4 16. Qf3 Nd3 17. Nb3 Rf8 18. Qd1 Nf4 19. Re1 Nxh3+ 20. gxh3 f4 21. Bd2 Bxh3 22. Qf3 Qg5+ 23. Kh2 Bg4 24. Qg2 Qh5+ 25.
Kg1 Bh3 26. Qh2 Qg4+ 27. Kh1 Qf3+ 28. Kg1 Qg4+ 29. Kh1 Qf3+ 30. Kg1 Qg4+ 1/2-1/2

[Event "*** SCC Grand Prix: Titled Tuesday Blitz"]
[Site "Chess.com"]
[Date "2020.07.21"]
[Round "4"]
[White "124chess"]
[Black "Iskusnyh"]
[Result "1-0"]
[WhiteElo "2685"]
[BlackElo "2483"]
[TimeControl "180+1"]
[EndTime "10:36:06 PDT"]
[Termination "124chess won by resignation"]

1. b3 e5 2. Bb2 Nc6 3. e3 d6 4. c4 g6 5. Nc3 Bg7 6. g3 h5 7. h3 h4 8. g4 f5 9. Bg2 Nf6 10. Qc2 e4 11. a3 Ne5 12. Bf1 fxg4 13. O-O-O Bf5 14. Kb1 Nd3 15. Bxd3 exd3 16. Qc1 Qd7 17.
hxg4 Nxg4 18. Nh3 Nxe3 19. Rde1 Bxh3 20. Rxe3+ Be6 21. Rhe1 Be5 22. f4 O-O-O 23. fxe5 d5 24. cxd5 Bxd5 25. e6 1-0

[Event "*** SCC Grand Prix: Titled Tuesday Blitz"]
[Site "Chess.com"]
[Date "2020.07.21"]
[Round "4"]
[White "estherzillli"]
[Black "chessdjw"]
[Result "0-1"]
[WhiteElo "1653"]
[BlackElo "2667"]
[TimeControl "180+1"]
[EndTime "10:36:08 PDT"]
[Termination "chessdjw won by checkmate"]

1. d4 Nf6 2. c4 c5 3. Nf3 g6 4. Bg5 Bg7 5. e3 Ne4 6. Bh4 Qa5+ 7. Nbd2 cxd4 8. exd4 g5 9. Bg3 g4 10. Ne5 Bh6 11. Nxg4 Bxd2+ 12. Ke2 d6 13. f3 Nc6 14. fxe4 Bxg4+ 15. Kd3 Bxd1 16. Rxd1 Bh6 17. Rd2 Qxd2# 0-1

[Event "*** SCC Grand Prix: Titled Tuesday Blitz"]
[Site "Chess.com"]
[Date "2020.07.21"]
[Round "4"]
[White "m_ezat"]
[Black "BJthechessgod"]
[Result "1-0"]
[WhiteElo "2567"]
[BlackElo "2323"]
[TimeControl "180+1"]
[EndTime "10:36:11 PDT"]
[Termination "m_ezat won by checkmate"]

1. d4 Nf6 2. c4 e6 3. Nc3 Bb4 4. e3 O-O 5. a3 Bxc3+ 6. bxc3 d5 7. cxd5 exd5 8. Bd3 c6 9. f3 Re8 10. Ne2 Nbd7 11.
O-O Nf8 12. Ng3 Be6 13. e4 Rc8 14. e5 N6d7 15. f4 Nb6 16. f5 Bd7 17. e6 fxe6 18. f6 gxf6 19. Qg4+ Kf7 20. Nh5 Ng6 21. Nxf6 Qxf6 22.
Bg5 Qxf1+ 23. Rxf1+ Kg8 24. Bxg6 hxg6 25. Bh6 Kh7 26. Rf7+ Kxh6 27. Qh4# 1-0

[Event "*** SCC Grand Prix: Titled Tuesday Blitz"]
[Site "Chess.com"]
[Date "2020.07.21"]
[Round "4"]
[White "Ariadna_Atreides"]
[Black "MidnightFox"]
[Result "0-1"]
[WhiteElo "2097"]
[BlackElo "2386"]
[TimeControl "180+1"]
[EndTime "10:36:11 PDT"]
[Termination "MidnightFox won by resignation"]

1. d4 Nf6 2. Nf3 g6 3. c4 Bg7 4. Nc3 d5 5. cxd5 Nxd5 6. Bd2 Nb6 7. e3 O-O 8. Be2 Nc6 9. O-O e5 10. dxe5 Nxe5 11. Nxe5 Bxe5 12. Qc2 c6 13. f4 Bg7 14. Bf3 Nc4 15. Rad1 Nxd2 16. Rxd2 Qb6 17. Re1 Re8 18.
Na4 Qa5 19. e4 Be6 20. e5 Bf5 21. Be4 Bxe4 22. Rxe4 Rad8 23. Nc3 Bf8 24. a3 Rxd2 25. Qxd2 Rd8 26. Qe2 Bxa3 27. Ra4 Qb6+ 28. Qf2 Bc5 0-1

[Event "*** SCC Grand Prix: Titled Tuesday Blitz"]
[Site "Chess.com"]
[Date "2020.07.21"]
[Round "4"]
[White "blitzking1729"]
[Black "qingaunlee"]
[Result "1-0"]
[WhiteElo "2582"]
[BlackElo "2340"]
[TimeControl "180+1"]
[EndTime "10:36:12 PDT"]
[Termination "blitzking1729 won by resignation"]

1. c4 e6 2. Nc3 d5 3. cxd5 exd5 4. d4 c6 5. Nf3 Bd6 6. e3 Bf5 7. Bd3 Bg6 8. O-O Nf6 9. Ne5 Nbd7 10. f4 Bxd3 11.
Qxd3 Qe7 12. Bd2 Ne4 13. Nxe4 dxe4 14. Qb3 Nf6 15. Be1 Nd5 16. Bf2 O-O 17. Qc2 f5 18. a3 a5 19. Nc4 Bc7 20. b3 Rf6 21. Bh4 b5 22. Bxf6 Qxf6 23. Ne5 Nxe3 24. Qxc6 Qxc6 25.
Nxc6 Nxf1 26. Rxf1 Bb6 27. Kf2 Rc8 28. Ne7+ 1-0

[Event "*** SCC Grand Prix: Titled Tuesday Blitz"]
[Site "Chess.com"]
[Date "2020.07.21"]
[Round "4"]
[White "GM_dmitrij"]
[Black "bugsbunny444"]
[Result "1-0"]
[WhiteElo "2930"]
[BlackElo "2566"]
[TimeControl "180+1"]
[EndTime "10:36:14 PDT"]
[Termination "GM_dmitrij won by resignation"]

1. Nf3 d5 2. e3 Nf6 3. c4 e6 4. b3 Be7 5. Bb2 O-O 6. Be2 c5 7. cxd5 Nxd5 8. O-O Nc6 9. Nc3 Nxc3 10. Bxc3 b6 11.
Rc1 Bb7 12. a3 Rc8 13. Qc2 Nd4 14. exd4 Bxf3 15. Ba6 cxd4 16. Bxc8 dxc3 17. Qxc3 Be2 18. Rfe1 Bxa3 19. Ra1 Qxc8 20. Rxa3 Qxc3 21. dxc3 1-0

[Event "*** SCC Grand Prix: Titled Tuesday Blitz"]
[Site "Chess.com"]
[Date "2020.07.21"]
[Round "4"]
[White "louis198"]
[Black "ArjunErigaisi2003"]
[Result "0-1"]
[WhiteElo "2568"]
[BlackElo "3038"]
[TimeControl "180+1"]
[EndTime "10:36:17 PDT"]
[Termination "ArjunErigaisi2003 won by checkmate"]

1. d4 e6 2. Bf4 Nf6 3. e3 c5 4. h3 cxd4 5. exd4 Qb6 6. Nc3 Qxb2 7.
Nb5 Bb4+ 8. Ke2 Nd5 9. Kf3 Nxf4 10. Rb1 Qxa2 11. Rxb4 Nd5 12. Bc4 Qa5 13. Rb3 O-O 14. Ne2 a6 15. Nd6 Qc7 16. Bxd5 Qxd6 17. Be4 f5 18.
Bd3 b5 19. Rg1 Bb7+ 20. Ke3 Nc6 21. c3 Na5 22. Rb4 Rac8 23. f3 Rxc3 24. Nxc3 Qxb4 25. Qa1 Nb3 26. Na2 Qd2# 0-1

[Event "*** SCC Grand Prix: Titled Tuesday Blitz"]
[Site "Chess.com"]
[Date "2020.07.21"]
[Round "4"]
[White "Izoria123"]
[Black "TargetA"]
[Result "1-0"]
[WhiteElo "2890"]
[BlackElo "2545"]
[TimeControl "180+1"]
[EndTime "10:36:20 PDT"]
[Termination "Izoria123 won by resignation"]

1. Nf3 Nf6 2. c4 g6 3. g3 Bg7 4. Bg2 O-O 5. O-O d6 6. Nc3 Nc6 7. d4 Nd7 8. e4 e5 9. Be3 exd4 10. Nxd4 Nde5 11. Nxc6 bxc6 12. b3 Nxc4 13. Bd4 Ne5 14.
f4 c5 15. Bxe5 dxe5 16. Qxd8 Rxd8 17. f5 Ba6 18. Rf3 c4 19. Nd5 Kf8 20. Nxc7 Bb7 21.
Nxa8 Bxe4 22. f6 Bh6 23. Rc3 Bxg2 24. Kxg2 cxb3 25. axb3 Rxa8 26. Rxa7 Rd8 27. Rcc7 Kg8 28. Rxf7 e4 29. Rfe7 e3 30. Re8+ Rxe8 31. f7+ Kf8 32. fxe8=Q+ Kxe8 33. Rxh7 1-0

[Event "*** SCC Grand Prix: Titled Tuesday Blitz"]
[Site "Chess.com"]
[Date "2020.07.21"]
[Round "4"]
[White "harkerchess"]
[Black "margarita_2703"]
[Result "0-1"]
[WhiteElo "2113"]
[BlackElo "2387"]
[TimeControl "180+1"]
[EndTime "10:36:20 PDT"]
[Termination "margarita_2703 won by resignation"]

1. d4 Nf6 2. Bg5 Ne4 3. Bf4 d5 4. Nd2 c5 5. Nxe4 dxe4 6. e3 Nc6 7. dxc5 Qa5+ 8. c3 Qxc5 9. Bg3 g6 10. Qa4 Bg7 11. Qc2 Bf5 12. Ne2 O-O 13. Nc1 Nb4 14. Qb3 Nd3+ 15. Bxd3 exd3 16. O-O d2 17. Ne2 Bd3 18.
Qd1 Qb5 19. a4 Qa6 20. Qxd2 Bxe2 21. Rfe1 Bc4 22. Qc2 Rac8 23. Rad1 Qb6 24. Rd7 Bf6 25. Red1 Bb3 26. Qc1 Bxd1 27. Qxd1 Qxb2 28. Qd5 Qc1+ 0-1

[Event "*** SCC Grand Prix: Titled Tuesday Blitz"]
[Site "Chess.com"]
[Date "2020.07.21"]
[Round "4"]
[White "Antipov_Mikhail_Al"]
[Black "Kirill_Klukin"]
[Result "1-0"]
[WhiteElo "2852"]
[BlackElo "2715"]
[TimeControl "180+1"]
[EndTime "10:36:21 PDT"]
[Termination "Antipov_Mikhail_Al won by resignation"]

1. e4 c5 2. Nf3 Nc6 3. Bb5 Nd4 4.
Nxd4 cxd4 5. O-O a6 6. Bc4 e6 7. a4 Ne7 8. d3 d5 9. exd5 Nxd5 10. a5 Be7 11. Qf3 O-O 12. Bxd5 exd5 13. Nd2 Be6 14. Nb3 Bf6 15. Bd2 Rc8 16. Bb4 Rxc2 17. Bxf8 Qxf8 18.
Rfc1 Rxb2 19. Nc5 h6 20. g3 Bh3 21. Qxd5 Rb5 22. Rab1 Rxa5 23. Rxb7 Bg5 24. f4 Be7 25. Ra7 Be6 26. Nxe6 1-0

[Event "*** SCC Grand Prix: Titled Tuesday Blitz"]
[Site "Chess.com"]
[Date "2020.07.21"]
[Round "4"]
[White "anon569"]
[Black "PrinceMurad09"]
[Result "1-0"]
[WhiteElo "2315"]
[BlackElo "2558"]
[TimeControl "180+1"]
[EndTime "10:36:21 PDT"]
[Termination "anon569 won by resignation"]

1. e4 c5 2. Nf3 d6 3. d4 cxd4 4. Nxd4 Nf6 5. Nc3 g6 6. Be3 Bg7 7. f3 Nc6 8. Bc4 O-O 9. Qd2 Bd7 10. h4 Rc8 11. Bb3 h5 12. O-O-O Ne5 13. Bh6 Nc4 14. Bxc4 Rxc4 15. Bxg7 Kxg7 16. g4 hxg4 17. h5 Rh8 18. hxg6 fxg6 19. f4 Bc6 20. Ne6+ Kf7 21. Nxd8+ Rxd8 22. e5 Nh5 23. e6+ Kf6 24. Nd5+ Kg7 25. f5 Nf4 26. Nxf4 Bxh1 27. Rxh1 gxf5 28. Nd5 1-0